 Dungeon Crawl Stone Soup version 0.26-a0-252-gb32a1a6195 (webtiles) character file.

Game seed: 1187642022827415761

757 BritishOli the Ducker (level 7, -7/56 HPs)
             Began as a Demonspawn Gladiator on July 9, 2020.
             Was an Initiate of Okawaru.
             Mangled by Prince Ribbit (14 damage)
             ... on level 6 of the Dungeon.
             The game lasted 00:06:59 (6626 turns).

BritishOli the Ducker (Demonspawn Gladiator)        Turns: 6626, Time: 00:06:59

Health: -7/56      AC: 11    Str: 16    XL:     7   Next: 50%
Magic:  7/7        EV: 17    Int: 16    God:    Okawaru [......]
Gold:   266        SH:  0    Dex: 14    Spells: 6/6 levels left

rFire    . . .     SeeInvis .   a - +0 long sword
rCold    . . .     Faith    .   (no shield)
rNeg     . . .     Spirit   .   e - +0 scale mail
rPois    .         Reflect  .   c - +0 helmet
rElec    .         Harm     .   (no cloak)
rCorr    .                      i - +0 pair of gloves
MR       .....                  v - +0 pair of boots
Stlth    ..........             (no amulet)
HPRegen  0.18/turn              k - +6 ring of intelligence
MPRegen  0.10/turn              (no ring)

@: mighty, agile
A: rugged brown scales 1, powered by death 1, powered by pain 1
a: Renounce Religion


You were on level 6 of the Dungeon.
You worshipped Okawaru.
Okawaru was noncommittal.
You were not hungry.

You visited 2 branches of the dungeon, and saw 7 of its levels.

You collected 266 gold pieces.

Inventory:

Hand Weapons
 a - a +0 long sword (weapon)
Missiles
 d - 3 throwing nets (quivered)
 l - 4 javelins
Armour
 c - a +0 helmet (worn)
 e - a +0 scale mail (worn)
 i - a +0 pair of gloves (worn)
 v - a +0 pair of boots (worn)
Jewellery
 k - a +6 ring of intelligence (left hand)
Scrolls
 b - a scroll of fog {unknown}
 h - a scroll of teleportation {unknown}
 j - a scroll of remove curse
 m - a scroll of enchant weapon {unknown}
 p - a scroll of blinking {unknown}
 t - a scroll of magic mapping {unknown}
Potions
 g - a potion of curing
 n - 2 potions of lignification
 o - 3 potions of ambrosia
 q - a potion of resistance {unknown}
 r - 2 potions of cancellation {unknown}
 s - 3 potions of flight {unknown}
 u - a potion of stabbing {unknown}
Comestibles
 f - 17 rations


   Skills:
 + Level 4.5 Fighting
 + Level 4.6 Long Blades
 - Level 2.0 Throwing
 + Level 3.5 Armour
 + Level 4.6 Dodging


You had 6 spell levels left.
You didn't know any spells.
Your spell library contained the following spells:

 Spells                   Type           Power        Failure   Level
 Magic Dart               Conj           #...         65%         1
 Blink                    Tloc           N/A          78%         2
 Call Imp                 Summ           #.......     78%         2
 Slow                     Hex            #.......     78%         2
 Conjure Flame            Conj/Fire      #.......     95%         3
 Mephitic Cloud           Conj/Pois/Air  #.......     95%         3


Dungeon Overview and Level Annotations

Branches:
Dungeon (6/15)             Temple (1/1) D:5

Altars:
Ashenzari
Cheibriados
Elyvilon
Fedhas
Gozag
Hepliaklqana
Okawaru
Qazlal
Ru
Sif Muna
Trog
Yredelemnul
Zin
The Shining One

Shops:
D:4 [

Annotations:
D:6 Edmund, Eustachio, Prince Ribbit


Innate Abilities, Weirdness & Mutations

You are partially covered in rugged brown scales. (AC +1, +3% HP)
You regenerate a little health from kills.
You sometimes gain a little power by taking damage.


Message History

You feel better. Prince Ribbit misses you. The adder closely misses you.
You feel better. Prince Ribbit completely misses you.
You riposte.
You miss Prince Ribbit. The adder bites you but does no damage.
Prince Ribbit closely misses you.
You riposte.
You miss Prince Ribbit. You hit the adder.
The adder is heavily wounded.
The adder completely misses you. Prince Ribbit misses you.
The adder completely misses you.
You completely miss the adder.
The adder is heavily wounded.
Prince Ribbit hits you but does no damage.
The adder misses you.
You riposte.
You hit the adder.
You kill the adder!
Okawaru accepts your kill. Prince Ribbit hits you!
* * * LOW HITPOINT WARNING * * *
You focus on the pain.
You feel very mighty all of a sudden.
You closely miss Prince Ribbit. Prince Ribbit hits you!
You die...

########## .........#
.........#
###......#############
# #.......n5oZ@.@F...#
#
#..$...###########..#
..'......#
###.###.#### #
#..##....##
###.........
5.F.......#
#.#.......#
n...!.....#


You could see Edmund (strong), Prince Ribbit, a necrophage, an orc priest, a
white imp and a leopard gecko skeleton.

Vanquished Creatures
  A sky beast (D:6)
  A centaur (D:6)
  A scorpion (D:4)
  A bullfrog zombie (D:5)
  An orc priest (D:6)
  2 hounds (D:4)
  A bullfrog skeleton (D:4)
  A jelly (D:6)
  An orc wizard (D:5)
  4 worker ants (D:4)
  A worker ant zombie (D:4)
  6 adders
  A shadow imp (D:5)
  2 white imps (D:5)
  An ufetubus (D:5)
  An ooze (D:2)
  2 adder skeletons (D:4)
  3 worms
  3 dart slugs
  2 leopard geckos
  15 orcs
  4 giant cockroaches
  7 goblins
  8 hobgoblins
  5 jackals
  4 quokkas
  A ball python (D:6)
  10 bats
  6 frilled lizards
  10 kobolds
  10 rats
116 creatures vanquished.

Notes
Turn   | Place    | Note
-------+----------+-------------------------------------------
     0 | D:1      | BritishOli the Demonspawn Gladiator began the quest for the
                  | Orb.
     0 | D:1      | Reached XP level 1. HP: 16/16 MP: 1/1
   270 | D:1      | Gained mutation: You regenerate a little health from kills.
                  | [demonic ancestry]
   270 | D:1      | Reached XP level 2. HP: 21/22 MP: 2/2
   964 | D:1      | Reached skill level 1 in Armour
   964 | D:1      | Gained mutation: You sometimes gain a little power by
                  | taking damage. [demonic ancestry]
   964 | D:1      | Reached XP level 3. HP: 28/28 MP: 3/3
  1452 | D:2      | Reached XP level 4. HP: 34/34 MP: 4/4
  2800 | D:3      | Found a glowing golden altar of the Shining One.
  3109 | D:4      | Reached XP level 5. HP: 34/41 MP: 5/5
  3143 | D:4      | Found Vyxkux's Antique Armour Boutique.
  3447 | D:4      | Found a stormy altar of Qazlal.
  3995 | D:4      | Reached XP level 6. HP: 41/47 MP: 6/6
  4791 | D:5      | Entered Level 5 of the Dungeon
  4844 | D:5      | Found a sacrificial altar of Ru.
  5289 | D:5      | Noticed a yak
  5290 | D:5      | Noticed a yak
  5290 | D:5      | Noticed a yak
  5290 | D:5      | Noticed a yak
  5726 | D:5      | Found a staircase to the Ecumenical Temple.
  5765 | Temple   | Entered the Ecumenical Temple
  5971 | Temple   | Became a worshipper of Warmaster Okawaru
  6178 | D:6      | Noticed Eustachio
  6268 | D:6      | Gained mutation: You are partially covered in rugged brown
                  | scales. (AC +1, +3% HP) [demonic ancestry]
  6268 | D:6      | Reached XP level 7. HP: 36/55 MP: 7/7
  6567 | D:6      | Noticed Prince Ribbit
  6575 | D:6      | Noticed Edmund
  6587 | D:6      | Found a blossoming altar of Fedhas.
  6626 | D:6      | Mangled by Prince Ribbit

Illustrated notes

Levels and vault maps discovered:
D:1:      dpeg_arrival_three_same_balls, layout_basic, interstate_on_off
D:2:      layout_basic
D:3:      layout_loops_ring, nicolae_tso_swordbearing_angel, first_ration,
          st_stairs_9
D:4:      minmay_wonky_spiral, layout_loops_ring, grunt_qazlal_sundering,
          serial_shops, nicolae_shop_waterfront
D:5:      layout_loops_cross, kennysheep_mini_moat,
          minmay_temple_entry_enclosed_plants, st_stairs_11
D:6:      layout_rooms, lemuel_doored_altar, grunt_ministairs_7,
          uniq_prince_ribbit1, uniq_eustachio, uniq_edmund
Temple:   dpeg_chambers_temple

Skill      XL: |  1  2  3  4  5  6 |
---------------+-------------------+-----
Throwing       | 2 |  2.0
Long Blades    | 3 4 |  4.6
Armour         | 1 2 3 |  3.5
Dodging        | 3 4 |  4.6
Fighting       | 3 4 |  4.5

Action                   |  1- 3 |  4- 6 |  7- 9 || total
-------------------------+-------+-------+-------++-------
Melee: Long sword        |   109 |   270 |    39 ||   418
  Use: Scroll            |       |     7 |       ||     7
       Potion            |       |       |     2 ||     2
 Stab: Sleeping          |       |     3 |       ||     3
  Eat: Ration            |     1 |     4 |       ||     5
Armor: Leather armour    |    34 |    61 |       ||    95
       Scale mail        |       |    72 |    33 ||   105
Dodge: Dodged            |    83 |   232 |    47 ||   362
       Rpst.: Long sword |    25 |    77 |    19 ||   121

Table legend:
 A = Non-vault XP
 B = Vault XP
 C = Vault XP percentage of total XP
 D = Non-vault monster count
 E = Vault monster count
 F = Vault count percentage of total count
                 A         B        C        D         E       F
            +---------+---------+-------+---------+---------+-------
      Total |     892 |     190 |  17.6 |     103 |      13 |  11.2
            +---------+---------+-------+---------+---------+-------
        D:1 |      41 |       0 |   0.0 |      24 |       0 |   0.0
        D:2 |      71 |      10 |  12.3 |      24 |       2 |   7.7
        D:3 |      59 |       2 |   3.3 |      24 |       1 |   4.0
        D:4 |     301 |      79 |  20.8 |      12 |       3 |  20.0
        D:5 |     113 |      52 |  31.5 |      11 |       5 |  31.2
        D:6 |     307 |      47 |  13.3 |       8 |       2 |  20.0
            +---------+---------+-------+---------+---------+-------
